 Dungeon Sprint DCSS version 0.24-a0-525-g9231cdcba1 (webtiles) character file.

Game seed: 12871229320056658148

3500000 Atelerd the Conqueror (level 22, 0/233 HPs)
             Began as a Minotaur Fighter on Aug 2, 2019.
             Killed from afar by a large bag of meat (34 damage)
             ... with an exploding inner flame
             ... in the Dungeon (Sprint VIII: "Arena of Blood").
             The game lasted 00:02:04 (35 turns).

Atelerd the Conqueror (Minotaur Fighter)              Turns: 35, Time: 00:02:04

Health: 0/233      AC: 13    Str: 29    XL:     22   Next: 45%
Magic:  20/52      EV: 26    Int:  5    God:
Gold:   0          SH:  0    Dex: 12    Spells: 75/75 levels left

rFire    . . .     SeeInvis .   l - +∞ Axe of Woe
rCold    . . .     Gourm    .   (shield currently unavailable)
rNeg     . . .     Faith    .   b - +0 scale mail
rPois    .         Spirit   .   (helmet restricted)
rElec    .         Reflect  .   (no cloak)
rCorr    .         Harm     .   (no gloves)
MR       +....     NoTele   +   (no boots)
Stlth    ++++++++..             (no amulet)
HPRegen  0.48/turn              a - +30 ring of slaying
MPRegen  0.33/turn              (no ring)

@: no status effects
A: retaliatory headbutt, horns 2
a: no special abilities


You were in the Dungeon.
You were not hungry.

You visited 1 branch

Inventory:

Hand Weapons
 l - the +∞ Axe of Woe (weapon)
   (You found it in the Dungeon)
Armour
 b - a +0 scale mail (worn)
 c - a +0 shield
Jewellery
 a - a +30 ring of slaying (left hand)
 m - a +30 ring of slaying
Scrolls
 k - a scroll of blinking
Potions
 d - a potion of might
 e - a potion of curing
 g - a potion of heal wounds
 h - a potion of haste
 i - 2 potions of magic
 j - a potion of berserk rage
Comestibles
 f - a ration


   Skills:
 O Level 27 Fighting
 O Level 27 Axes
 O Level 27 Throwing
 O Level 27 Armour
 O Level 27 Dodging
 O Level 27 Stealth
 O Level 27 Shields
 O Level 27 Unarmed Combat
 O Level 27 Spellcasting


You had 75 spell levels left.
You didn't know any spells.
Your spell library was empty.

Dungeon Overview and Level Annotations

Branches:
Dungeon (1/1)

Altars:
Makhleb


Innate Abilities, Weirdness & Mutations

You reflexively headbutt those who attack you in melee.
You have a pair of horns on your head.


Message History

Okay, then.
Unknown command.
A meat berserker comes into view. It is wielding a +9 battleaxe.
You hear a shout! x5
The meat berserker is engulfed in blazing flames.
You hear a shout! x3
The large bag of meat is engulfed in blazing flames.
The destroyer blinks!
You hear a shout! x2; You hear two shouts!
Unknown command.
Unknown command.
You dice the meat berserker like an onion!!!!
You pulverise the meat berserker into a thin bloody mist.
You kill the meat berserker!
You slice the large bag of meat!!
You chop the large bag of meat into pieces.
The large bag of meat explodes!
The fiery explosion engulfs the destroyer!!!
The fiery explosion engulfs you!!
You die...

. #... ..#
...###... ...###...
........###........
#........_.z.......
..... #.))..# .....
......#☼°☼._#.V....
......#○O§.O#..§O..
#.....§§O○.........
......§o###@.......
...###oOo§§§.###...
.. #..)V§§.#
#.o..§..#
.............
...............
...............#
.........o...##..
...#........#. ..


You could see 2 destroyers, a sculptor of flesh, 2 large bags of meat, 3 meat
berserkers and 4 bags of meat.

Vanquished Creatures
  9 ogres (D)
  2 two-headed ogres (D)
  19 orcs (D)
30 creatures vanquished.

Notes
Turn   | Place    | Note
-------+----------+-------------------------------------------
     0 | D        | Found the +∞ Axe of Woe
     0 | D        | Atelerd the Minotaur Fighter began the quest for the Orb.
     0 | D        | Reached XP level 1. HP: 19/19 MP: 0/0
     1 | D        | Noticed a bag of meat
     2 | D        | Noticed a bag of meat
     2 | D        | Noticed a bag of meat
     4 | D        | Noticed a bag of meat
     4 | D        | Noticed a bag of meat
     6 | D        | Noticed a bag of meat
     6 | D        | Noticed a bag of meat
     6 | D        | Noticed a meat berserker
     8 | D        | Noticed a bag of meat
     8 | D        | Noticed a meat berserker
     9 | D        | Killed a bag of meat
     9 | D        | Reached XP level 2. HP: 53/53 MP: 1/1
     9 | D        | Reached XP level 3. HP: 60/60 MP: 2/2
     9 | D        | Reached XP level 4. HP: 69/69 MP: 3/3
     9 | D        | Reached XP level 5. HP: 75/75 MP: 4/4
     9 | D        | Reached XP level 6. HP: 83/83 MP: 5/5
     9 | D        | Reached XP level 7. HP: 91/91 MP: 6/6
     9 | D        | Reached XP level 8. HP: 99/99 MP: 7/7
     9 | D        | Reached XP level 9. HP: 105/105 MP: 8/8
     9 | D        | Reached XP level 10. HP: 114/114 MP: 9/9
     9 | D        | Reached XP level 11. HP: 121/121 MP: 10/10
     9 | D        | Killed a bag of meat
     9 | D        | Reached XP level 12. HP: 136/136 MP: 11/11
     9 | D        | Noticed a meat berserker
    10 | D        | Killed a bag of meat
    10 | D        | Reached skill level 15 in Axes
    10 | D        | Reached XP level 13. HP: 124/147 MP: 12/12
    10 | D        | Killed a bag of meat
    10 | D        | Reached XP level 14. HP: 135/159 MP: 13/13
    10 | D        | Killed a bag of meat
    10 | D        | Killed a bag of meat
    10 | D        | Reached XP level 15. HP: 147/173 MP: 14/14
    10 | D        | Noticed a meat berserker
    11 | D        | Killed a meat berserker
    11 | D        | Reached skill level 27 in Fighting
    11 | D        | Reached skill level 27 in Armour
    11 | D        | Reached skill level 27 in Shields
    11 | D        | Killed a meat berserker
    11 | D        | Reached skill level 27 in Axes
    11 | D        | Reached XP level 16. HP: 156/183 MP: 15/15
    11 | D        | Killed a meat berserker
    11 | D        | Reached skill level 10 in Stealth
    11 | D        | Reached XP level 17. HP: 162/191 MP: 15/28
    12 | D        | Reached skill level 15 in Dodging
    12 | D        | Reached skill level 15 in Unarmed Combat
    12 | D        | Reached skill level 10 in Spellcasting
    13 | D        | Killed a meat berserker
    13 | D        | Reached skill level 15 in Stealth
    13 | D        | Reached XP level 18. HP: 171/200 MP: 15/33
    14 | D        | Noticed a meat berserker
    15 | D        | Noticed a meat berserker
    19 | D        | Noticed a large bag of meat
    20 | D        | Killed a meat berserker
    20 | D        | Reached skill level 15 in Spellcasting
    20 | D        | Reached XP level 19. HP: 180/207 MP: 16/37
    20 | D        | Killed a meat berserker
    21 | D        | Noticed a large bag of meat
    22 | D        | Noticed a large bag of meat
    22 | D        | Noticed a large bag of meat
    25 | D        | Killed a large bag of meat
    25 | D        | Reached XP level 20. HP: 148/216 MP: 17/41
    25 | D        | Noticed a meat berserker
    25 | D        | Noticed a destroyer
    26 | D        | Noticed a large bag of meat
    26 | D        | Noticed a meat berserker
    26 | D        | Noticed a meat berserker
    27 | D        | Killed a meat berserker
    27 | D        | Reached skill level 27 in Dodging
    27 | D        | Reached skill level 27 in Unarmed Combat
    28 | D        | Noticed a destroyer
    29 | D        | Reached skill level 27 in Throwing
    29 | D        | Killed a large bag of meat
    29 | D        | Reached skill level 27 in Stealth
    29 | D        | Reached XP level 21. HP: 41/224 MP: 18/46
    32 | D        | Reached skill level 27 in Spellcasting
    32 | D        | Reached XP level 22. HP: 33/233 MP: 19/52
    35 | D        | Killed a large bag of meat
    35 | D        | Killed from afar by a large bag of meat

Levels and vault maps discovered:
D:        meatsprint

Skill      XL: |  1  2  3  4  5  6  7  8  9 10 11 12 13 14 15 16 17 18 19 20 21 |
---------------+----------------------------------------------------------------+-----
Fighting       | 18 21 22 24 26 27 | 27.0
Axes           | 11 13 15 16 19 27 | 27.0
Armour         | 18 20 22 23 25 27 | 27.0
Shields        | 18 20 22 23 25 27 | 27.0
Throwing       | 11 16 20 23 27 | 27.0
Dodging        | 12 18 22 25 27 | 27.0
Stealth        | 10 15 19 22 27 | 27.0
Unarmed Combat | 12 18 22 25 27 | 27.0
Spellcasting   | 8 12 15 18 22 27 | 27.0

Action                   |  1- 3 |  4- 6 |  7- 9 | 10-12 | 13-15 | 16-18 | 19-21 | 22-24 || total
-------------------------+-------+-------+-------+-------+-------+-------+-------+-------++-------
Melee: Executioner's axe |     1 |       |       |     1 |     1 |     5 |     5 |     1 ||    14
Dodge: Dodged            |       |       |       |       |       |     1 |     1 |       ||     2

Table legend:
 A = Non-vault XP
 B = Vault XP
 C = Vault XP percentage of total XP
 D = Non-vault monster count
 E = Vault monster count
 F = Vault count percentage of total count
                 A         B        C        D         E       F
            +---------+---------+-------+---------+---------+-------
      Total |  433842 |  334913 |  43.6 |      14 |      16 |  53.3
            +---------+---------+-------+---------+---------+-------
          D |  433842 |  334913 |  43.6 |      14 |      16 |  53.3
            +---------+---------+-------+---------+---------+-------
